 Dungeon Crawl Stone Soup version 0.30-a0-986-g7f2e898f52 (webtiles) character file.

Game seed: 3157377635402263620

144 Mesmaeker13 the Insei (level 5, -11/35 HPs)
             Began as an Octopode Transmuter on Apr 1, 2023.
             Killed from afar by Natasha (19 damage)
             ... with a bolt of dispelling energy
             ... on level 3 of the Dungeon.
             The game lasted 00:03:17 (3024 turns).

Mesmaeker13 the Insei (Octopode Transmuter)         Turns: 3024, Time: 00:03:18

Health: -11/35     AC:  1    Str:  9    XL:     5   Next: 26%
Magic:  7/8        EV: 13    Int: 18    God:
Gold:   175        SH:  0    Dex: 12    Spells: 1/8 levels left

rFire   + . .      SeeInvis .      - Unarmed
rCold   . . .      Faith    .    (no shield)
rNeg    . . .      Spirit   .    (helmet currently unavailable)
rPois   .          Reflect  .    (no amulet)
rElec   .          Rampage  .    b - ring of protection from fire
rCorr   .                        (no ring)
Will    .....                    (no ring)
Stlth   ++                       (no ring)
HPRegen 0.25/turn                (no ring)
MPRegen 0.11/turn                (no ring)
                                 (no ring)
                                 (no ring)

@: appendages (expiring), slowed, very slow
A: tentacle spike 3, almost no armour, amphibious, 8 rings, camouflage 1,
gelatinous body 1, (nimble swimmer 1), tentacles
a: End Transformation


You were on level 3 of the Dungeon.
One of your tentacles had grown a beastly spike.
You visited 1 branch of the dungeon, and saw 4 of its levels.

You collected 175 gold pieces.

Inventory:

Missiles
 e - 3 poisoned darts (quivered)
Jewellery
 b - a ring of protection from fire (left tentacle)
 p - a ring of flight
Scrolls
 d - a scroll of magic mapping {unknown}
 f - a scroll of noise
 j - a scroll of brand weapon
 k - 2 scrolls of enchant armour
Potions
 a - a potion of lignification
 c - 2 potions of heal wounds {unknown}
 g - 2 potions of attraction
 h - 3 potions of flight
 i - a potion of curing {unknown}
 l - a potion of mutation {unknown}
 m - a potion of invisibility {unknown}
 n - a potion of cancellation {unknown}
 o - a potion of magic {unknown}
 q - a potion of ambrosia


   Skills:
 + Level 2.7 Fighting
 - Level 2.0 Dodging
 + Level 4.0 Unarmed Combat
 - Level 2.0 Spellcasting
 + Level 3.3 Transmutations
 + Level 1.0 Ice Magic


You had one spell level left.
You knew the following spells:

 Your Spells              Type           Power      Damage    Failure   Level
a - Beastly Appendage     Tmut           26%        N/A       4%          1
b - Wereblood             Tmut           13%        N/A       7%          2
c - Ice Form              Ice/Tmut       9%         N/A       58%         4

Your spell library contained the following spells:

 Spells                   Type           Power      Damage    Failure   Level
 Kiss of Death            Conj/Necr      4%         2d5       19%         1
 Spider Form              Tmut/Pois      7%         N/A       28%         3
 Confusing Touch          Hex            1%         N/A       47%         3
 Dispel Undead            Necr           1%         3d6       87%         4


Dungeon Overview and Level Annotations

Branches:
Dungeon (4/15)
 Temple: D:4-7

Altars:
Elyvilon

Annotations:
D:3 Natasha


Innate Abilities, Weirdness & Mutations

One of your tentacles has grown a beastly spike.
You cannot wear most types of armour.
You are amphibious.
You can wear up to eight rings at the same time.
Your skin changes colour to match your surroundings (Stealth+).
Your rubbery body absorbs attacks. (AC +1, EV +1)
((You are camouflaged when in or above water. (Stealth+)))
You have tentacles for arms and can constrict up to eight enemies at once.


Message History

Natasha casts a spell at you. You resist with some effort.
The crimson imp hits you.
Unknown command.
Natasha attacks as you move away! Natasha barely misses you. Natasha claws you.
You feel less invigorated.
You feel less confused. Natasha claws you.
There is a stone staircase leading up here.
Natasha barely misses you.
You climb upwards.
The crimson imp disappears in a puff of smoke!
The shadow imp disappears in a puff of smoke!
There is a stone staircase leading down here.
Unknown command.
Casting: Wereblood (safe; 7% risk of failure)
Confirm with . or Enter, or press ? or * to list all spells.
One of your tentacles grows a vicious spike.
Natasha claws you. Natasha barely misses you.
You closely miss Natasha. Your grab misses Natasha.
Your squeeze misses Natasha.
Natasha mumbles some strange words.
You tentacle-slap Natasha but do no damage.
Your grab misses Natasha.
You pierce Natasha.
Your squeeze misses Natasha.
Natasha is lightly wounded.
Natasha stares at you and mumbles some strange words.
You feel yourself slow down.
You tentacle-slap Natasha but do no damage.
You grab Natasha.
Your tentacle spike misses Natasha.
Natasha is lightly wounded.
Your transformation is almost over.
You constrict Natasha, but do no damage.
The white imp gestures at you. The puff of frost hits you!
* * * LOW HITPOINT WARNING * * *
Natasha zaps a wand.
The bolt of dispelling energy hits you!!
Your magical effects are unravelling.
Ouch! That really hurt!
You die...

##### #####.†# #.# #.# # #..# #.#
#.# # #..# #.# #.# # #..# #.#
###.# ######## #..# #.###....
.......# #..# #.....[.#
######.##########..######..##.###
# #..........h..........).....
##......)5.@...######)######
#.#######.....# #.# #.# #.##..#
#.# #.# #.##..# #.# #.# #.##..#
#.# ####.##### #.##..# #.#
#........# #.##.## #.#
##.##.###.# #.##.# #.# ##.#.#.#
#.# #.##.# #.#


You could see Natasha and a white imp (summoned).

Vanquished Creatures
  Natasha (D:4)
  5 adders
  A worm (D:3)
  3 dart slugs
  9 orcs (D:3)
  5 ball pythons
  3 bats
  5 endoplasms
  A giant cockroach (D:3)
  A goblin (D:1)
  2 hobgoblins
  2 jackals (D:1)
  5 quokkas
  6 frilled lizards
  7 kobolds
  2 rats
58 creatures vanquished.

Notes
Turn   | Place    | Note
-------+----------+-------------------------------------------
     0 | D:1      | Mesmaeker13 the Octopode Transmuter began the quest for the
                  | Orb.
     0 | D:1      | Reached XP level 1. HP: 13/13 MP: 3/3
   289 | D:1      | Reached XP level 2. HP: 18/18 MP: 3/5
   332 | D:1      | Learned a level 2 spell: Wereblood
  1223 | D:2      | Found a white marble altar of Elyvilon.
  1252 | D:2      | Reached XP level 3. HP: 18/24 MP: 4/6
  1995 | D:3      | Reached XP level 4. HP: 22/29 MP: 5/7
  2356 | D:3      | Learned a level 4 spell: Ice Form
  2638 | D:3      | Found a faded altar of an unknown god.
  2955 | D:4      | Noticed Natasha
  2968 | D:4      | Killed Natasha
  2969 | D:4      | Reached skill level 4 in Unarmed Combat
  2969 | D:4      | Reached XP level 5. HP: 32/35 MP: 6/8
  2989 | D:4      | Reached skill level 1 in Ice Magic
  2993 | D:4      | Noticed Natasha
  3024 | D:3      | Killed from afar by Natasha

Illustrated notes

Levels and vault maps discovered:
D:1:      wander_arrival_abandoned_jail, layout_basic
D:2:      layout_basic, basic_altar
D:3:      layout_loops_ring, ebering_ecumenical_altar_rust, amethyst_killhole
D:4:      layout_rooms, ebering_ghost_disaster_area, uniq_natasha

Skill      XL: |  1  2  3  4  5 |
---------------+----------------+-----
Fighting       | 2 |  2.7
Transmutations | 3 |  3.3
Unarmed Combat | 4 |  4.0
Ice Magic      | 1 |  1.0
Dodging        | |  2.0
Spellcasting   | |  2.0

Action                     |  1- 3 |  4- 6 || total
---------------------------+-------+-------++-------
  Melee: Unarmed           |    60 |    58 ||   118
         Constrict         |    18 |    19 ||    37
         Kick              |    17 |    20 ||    37
         Tentacles         |    14 |    11 ||    25
         Punch             |     1 |       ||     1
  Throw: Dart              |       |     5 ||     5
   Cast: Beastly Appendage |    25 |    20 ||    45
         Wereblood         |     2 |     3 ||     5
    Use: Scroll            |     4 |     2 ||     6
         Potion            |       |     2 ||     2
   Stab: Sleeping          |     6 |     1 ||     7
 Armour: Skin              |     5 |     4 ||     9
  Dodge: Dodged            |    36 |    30 ||    66

Table legend: (Time is in decaauts)
 A = Elapsed time spent in this place.
 B = Non-inter-level travel time spent in this place.
 C = Inter-level travel time spent in this place.
 D = Time resting spent in this place.
 E = Time spent auto-exploring this place.
 F = Levels seen in this place.
 G = Mean time per level.
                   A        B        C        D        E       F      G
               +--------+--------+--------+--------+--------+-----+--------+
         Total |   3027 |   2944 |     83 |    110 |   2336 |   4 |  756.8 |
       Dungeon |   3027 |   2944 |     83 |    110 |   2336 |   4 |  756.8 |
               +--------+--------+--------+--------+--------+-----+--------+

Top non-repeatable levels by time:
     D:1: 1138 daAuts
     D:3: 1120 daAuts
     D:2: 678 daAuts
     D:4: 90 daAuts
